 Dungeon Crawl Stone Soup version 0.31-a0-1074-g0b22e4e0f1 (webtiles) character file.

Game seed: 162668213173310097

56 grandjackal the Ducker (level 3, 0/28 HPs)
             Began as a Demonspawn Gladiator on Nov 30, 2023.
             Slain by a +0 spectral club (4 damage)
             ... created by Robin
             ... on level 2 of the Dungeon.
             The game lasted 00:01:16 (1118 turns).

grandjackal the Ducker (Demonspawn Gladiator)       Turns: 1118, Time: 00:01:17

Health: 0/28       AC:  9    Str: 14    XL:     3   Next: 69%
Magic:  3/3        EV: 12    Int:  9    God:
Gold:   14         SH:  0    Dex: 16    Spells: 2/2 levels left

rFire   . . .        a - +0 long sword
rCold   . . .        (no shield)
rNeg    . . .        b - +0 leather armour
rPois   .            c - +0 helmet
rElec   .            f - +2 cloak
rCorr   .            (no gloves)
SInv    .            (no boots)
Will    .....        (no amulet)
Stlth   +            (no ring)
HPRegen 0.24/turn    (no ring)
MPRegen 0.08/turn

%: no passive effects
@: no status effects
A: icy blue scales 1, ignite blood 1
a: no special abilities


You were on level 2 of the Dungeon.
You visited 1 branch of the dungeon, and saw 3 of its levels.

You collected 14 gold pieces.

Inventory:

Hand Weapons
 a - a +0 long sword (weapon)
 m - a +1 dagger of protection
Missiles
 d - 3 throwing nets (quivered)
 e - a javelin
 j - 4 boomerangs
Armour
 b - a +0 leather armour (worn)
 c - a +0 helmet (worn)
 f - a +2 cloak (worn)
Scrolls
 g - a scroll of teleportation {unknown}
Potions
 h - 2 potions of curing {unknown}
 i - 2 potions of heal wounds {unknown}
 k - a potion of haste {unknown}
 l - a potion of brilliance {unknown}


   Skills:
 + Level 2.9 Fighting
 + Level 3.2 Long Blades
 - Level 2.0 Throwing
 + Level 3.2 Dodging


You had 2 spell levels left.
You didn't know any spells.
Your spell library contained the following spells:

 Spells                   Type           Power      Damage    Failure   Level
 Alistair's Intoxication  Tmut/Pois      0%         N/A       100%        5
 Borgnjor's Vile Clutch   Necr/Erth      0%         N/A       100%        5
 Eringya's Noxious Bog    Tmut/Pois      0%         4d6       100%        6


Dungeon Overview and Level Annotations

Branches:
Dungeon (3/15)

Altars:
Wu Jian

Annotations:
D:2 Robin


Innate Abilities, Weirdness & Mutations

You are partially covered in icy blue scales. (AC +2)
Your demonic aura sometimes causes spilled blood to erupt in flames.


Message History

The +0 spectral club hits you but does no damage.
The +0 spectral club hits you. Robin hits you but does no damage.
The +0 spectral club hits you.
You barely miss Robin.
Robin is severely wounded.
The +0 spectral club hits you but does no damage.
Robin closely misses you. The +0 spectral club hits you.
You hit Robin but do no damage.
Robin is severely wounded.
The +0 spectral club hits you. Robin hits you but does no damage.
The +0 spectral club hits you. Robin hits you with a +0 spectral club.
* * * LOW HITPOINT WARNING * * *
The +0 spectral club hits you but does no damage.
You are too injured to fight recklessly!
You are too injured to fight recklessly!
You hit Robin but do no damage.
Robin is severely wounded.
Robin hits you but does no damage. The +0 spectral club hits you.
* * * LOW HITPOINT WARNING * * *
You closely miss Robin.
Robin is severely wounded.
Robin misses you.
The +0 spectral club closely misses you.
You hit Robin.
Robin is almost dead.
The +0 spectral club hits you.
* * * LOW HITPOINT WARNING * * *
Robin hits you but does no damage.
The +0 spectral club closely misses you.
Robin hits you but does no damage. The +0 spectral club barely misses you.
You hit Robin but do no damage.
Robin is almost dead.
The +0 spectral club hits you but does no damage.
Robin closely misses you.
The +0 spectral club completely misses you.
Unknown command.
You closely miss Robin.
Robin is almost dead.
The +0 spectral club hits you.
You die...

###...# #.....#
##.†...## ####....(#
#.......# #.>......#
#...)...####.......##
####...#.....##......>#
.........#....#.>.....#
.###.#†#####..#)......#
#... #..........# #.#.
##.#.@.....## #.#.
#..(g......# # #.
#..........# ##
#..._......#
#........####
.$.........#
###.......#.#
#.......#.# .....


You could see a +0 spectral club and Robin.

Vanquished Creatures
  An adder (D:2)
  A dart slug (D:1)
  3 endoplasms
  13 goblins
  4 hobgoblins (D:1)
  4 jackals (D:1)
  2 quokkas (D:1)
  4 ball pythons
  2 bats (D:1)
  5 kobolds (D:1)
  2 rats (D:1)
41 creatures vanquished.

Notes
Turn   | Place    | Note
-------+----------+-------------------------------------------
     0 | D:1      | grandjackal the Demonspawn Gladiator began the quest for
                  | the Orb.
     0 | D:1      | Reached XP level 1. HP: 16/16 MP: 1/1
   132 | D:1      | Gained mutation: You are partially covered in icy blue
                  | scales. (AC +2) [demonic ancestry]
   132 | D:1      | Reached XP level 2. HP: 22/22 MP: 2/2
   485 | D:1      | Gained mutation: Your demonic aura sometimes causes spilled
                  | blood to erupt in flames. [demonic ancestry]
   485 | D:1      | Reached XP level 3. HP: 26/28 MP: 3/3
  1001 | D:2      | Found an ornate altar of the Wu Jian Council.
  1030 | D:2      | Noticed Robin
  1118 | D:2      | Slain by a +0 spectral club

Illustrated notes

Levels and vault maps discovered:
D:1:      saegor_arrival_simple_a, layout_basic
D:2:      layout_basic, basic_altar, uniq_robin
D:3:      layout_rooms, general_overflow_altar, nicolae_overflow_hidden_temple,
          hellmonk_ghost_happy_afterlife, uniq_crazy_yiuf_cottage, uniq_natasha

Skill      XL: |  1  2 |
---------------+-------+-----
Throwing       | 2 |  2.0
Dodging        | 3 |  3.2
Long Blades    | 3 |  3.2
Fighting       | |  2.9

Action                     || total
---------------------------++-------
  Melee: Long sword        ||    99
         Punch             ||     1
   Stab: Sleeping          ||     1
 Armour: Leather armour    ||    97
  Dodge: Dodged            ||    93

Table legend: (Time is in decaauts)
 A = Elapsed time spent in this place.
 B = Non-inter-level travel time spent in this place.
 C = Inter-level travel time spent in this place.
 D = Time resting spent in this place.
 E = Time spent auto-exploring this place.
 F = Levels seen in this place.
 G = Mean time per level.
                   A        B        C        D        E       F      G
               +--------+--------+--------+--------+--------+-----+--------+
         Total |   1144 |   1123 |     21 |     38 |    839 |   3 |  381.3 |
       Dungeon |   1144 |   1123 |     21 |     38 |    839 |   3 |  381.3 |
               +--------+--------+--------+--------+--------+-----+--------+

Top non-repeatable levels by time:
     D:1: 989 daAuts
     D:2: 80 daAuts
     D:3: 75 daAuts
